 Dungeon Crawl Stone Soup version 0.20-a0-3-g334f831 (webtiles) character file.

281 JeffiDaFish the Shield-Bearer (level 6, -3/38 HPs)
             Began as a Gargoyle Fighter on Oct 31, 2016.
             Slain by Duvessa
             ... wielding a +0 short sword
              (8 damage)
             ... on level 4 of the Dungeon.
             The game lasted 00:08:22 (3774 turns).

JeffiDaFish the Shield-Bearer (Gargoyle Fighter)    Turns: 3774, Time: 00:08:22

Health: -3/38      AC: 11    Str: 26    XL:     6   Next: 27%
Magic:  6/6        EV:  8    Int:  9    God:
Gold:   233        SH: 12    Dex:  9    Spells: 0 memorised, 5 levels left

rFire  . . .     SeeInvis .     e - +0 mace
rCold  . . .     Gourm    .     b - +0 scale mail
rNeg   + . .     Faith    .     c - +2 shield
rPois  ∞         Spirit   .     (no helmet)
rElec  +         Reflect  .     (no cloak)
rCorr  .         Harm     .     (no gloves)
MR     .....                    (no boots)
Stlth  ..........               (no amulet)
                                (no ring)
                                (no ring)

@: mighty
A: negative energy resistance 1, electricity resistance, unbreathing,
petrification resistance, rot immunity, AC +4
a: no special abilities


You were on level 4 of the Dungeon.
You were not hungry.

You visited 1 branch of the dungeon, and saw 4 of its levels.

You collected 233 gold pieces.

Inventory:

Hand Weapons
 e - a +0 mace (weapon)
Armour
 b - a +0 scale mail (worn)
 c - a +2 shield (worn)
Jewellery
 i - an uncursed ring of poison resistance
Scrolls
 h - 6 scrolls of identify
 j - 2 scrolls of remove curse
Potions
 a - 2 potions of brilliance
 g - a potion of agility
 k - 2 potions of ambrosia {unknown}
 m - a potion of cancellation
 o - a potion of cure mutation
Comestibles
 f - 7 bread rations
 l - 2 meat rations
 n - 3 fruits


   Skills:
 + Level 3.8 Fighting
 + Level 3.9 Maces & Flails
 + Level 4.4 Armour
 + Level 1.2 Dodging
 + Level 0.2 Stealth
 + Level 4.9 Shields


You had 5 spell levels left.
You didn't know any spells.

Dungeon Overview and Level Annotations

Branches:
Dungeon (4/15)
 Temple: D:4-7

Altars:
Nemelex Xobeh
Uskayaw

Annotations:
D:4 Duvessa


Innate Abilities, Weirdness & Mutations

You are resistant to torment.
Your stone body is resilient. (AC +4)
You are immune to poison.
You resist negative energy. (rN+)
You are resistant to electric shocks. (rElec)
You can survive without breathing.
You are immune to petrification.
You are immune to rotting.


Message History

You feel very mighty all of a sudden. Duvessa hits you but does no damage.
You sock Duvessa!
Duvessa is moderately wounded.
Duvessa hits you but does no damage. Duvessa completely misses you.
You hit Duvessa.
Duvessa is heavily wounded.
You block Duvessa's attack. Duvessa hits you but does no damage.
You closely miss Duvessa.
Duvessa is heavily wounded.
You block Duvessa's attack. Duvessa closely misses you.
You sock Duvessa!
Duvessa is severely wounded.
Duvessa hits you with a short sword!
* * * LOW HITPOINT WARNING * * *
You block Duvessa's attack.
You barely miss Duvessa.
Duvessa is severely wounded.
Duvessa hits you with a short sword!
You die...

## ..# ...
.. #####.#
#..@eS#
#.##### #.#
#.####
#....##
##....#
#.#..#
#.#..#.#.#.#
#.#..#.#.#.#


You could see Duvessa (berserk) and an adder.

Vanquished Creatures
  The ghost of ninjaorigami the Shooter, an amateur HEHu (D:3)
  Dowan (D:4)
  Crazy Yiuf (D:3)
  3 adders
  An ooze (D:1)
  3 worms
  3 dart slugs
  4 leopard geckos
  6 giant cockroaches
  8 goblins
  11 hobgoblins
  5 jackals
  11 kobolds
  3 quokkas
  A ball python (D:4)
  4 bats
  7 frilled lizards
  7 rats
  A plant (D:2)
81 creatures vanquished.

Notes
Turn   | Place    | Note
-------+----------+-------------------------------------------
     0 | D:1      | JeffiDaFish the Gargoyle Fighter began the quest for the Orb.
     0 | D:1      | Reached XP level 1. HP: 14/14 MP: 1/1
   257 | D:1      | Reached XP level 2. HP: 19/19 MP: 2/2
   549 | D:1      | Reached XP level 3. HP: 17/23 MP: 3/3
  1443 | D:2      | Found a sparkling altar of Nemelex Xobeh.
  1480 | D:2      | Reached XP level 4. HP: 28/28 MP: 4/4
  2212 | D:3      | Found a hide-covered altar of Uskayaw.
  2456 | D:3      | Noticed ninjaorigami's ghost (amateur HEHu)
  2483 | D:3      | Killed ninjaorigami's ghost
  2483 | D:3      | Reached XP level 5. HP: 15/33 MP: 5/5
  2694 | D:3      | Found a runed door.
  2698 | D:3      | Noticed Crazy Yiuf
  2725 | D:3      | Killed Crazy Yiuf
  3470 | D:4      | Reached skill level 1 in Dodging
  3472 | D:4      | Reached XP level 6. HP: 17/38 MP: 6/6
  3751 | D:4      | Noticed Dowan
  3763 | D:4      | Killed Dowan
  3764 | D:4      | Noticed Duvessa
  3774 | D:4      | Slain by Duvessa

Vault maps used:
D:1:      ncdulo_lavacross
D:2:      serial_bayou, serial_bayou_pond_e, serial_bayou_lake_a,
          serial_bayou_ford_a, serial_bayou_shore_b, first_bread,
          nrook_loot_triangle, grunt_decor_clamped, hangedman_decor_opposing,
          nemelex_lonely_heart_becter
D:3:      old_standard_altar, uniq_crazy_yiuf_cottage
D:4:      serial_shops, nicolae_shop_stone, vehumet_altar_wand_db, uniq_duvessa

Skill      XL: |  1  2  3  4  5 |
---------------+----------------+-----
Shields        | 4 |  4.9
Maces & Flails | 3 |  3.9
Armour         | 4 |  4.4
Dodging        | 1 |  1.2
Fighting       | |  3.8
Stealth        | |  0.2

Action                   |  1- 3 |  4- 6 || total
-------------------------+-------+-------++-------
Melee: Mace              |   150 |   284 ||   434
       Flail             |     1 |       ||     1
  Use: Potion            |     6 |     1 ||     7
       Scroll            |     6 |     3 ||     9
  Eat: Chunk             |     2 |     8 ||    10
Armor: Scale mail        |    74 |   103 ||   177
Dodge: Dodged            |    34 |    64 ||    98
Block: Shield            |    83 |   154 ||   237
